[ AOE2 MATCH · #493973345 ]
UnrankedBulgarians vs Britons
[ REPLAY ANALYSIS · EXTRACTED FROM THE RECORDED GAME ]
Feudal
10:40
Castle
14:43
Imperial
—
| APM avg | 55.9 |
| APM peak | 102 |
| eAPM avg | 23.0 |
| Villagers / military | 82 / 22 |
Focus
⚔️ 21.4% · 🌾 78.6%
Knight ×15 · Petard ×4 · Konnik ×3
Feudal
10:06
Castle
13:39
Imperial
30:08
| APM avg | 39.8 |
| APM peak | 69 |
| eAPM avg | 20.7 |
| Villagers / military | 121 / 27 |
Focus
⚔️ 27.2% · 🌾 72.8%
Longbowman ×27
Feudal
12:21
Castle
16:46
Imperial
21:37
| APM avg | 26.8 |
| APM peak | 75 |
| eAPM avg | 14.7 |
| Villagers / military | 81 / 44 |
Focus
⚔️ 24.3% · 🌾 75.7%
Hand Cannoneer ×32 · Bombard Cannon ×9 · Monk ×3
Feudal
11:41
Castle
15:44
Imperial
—
| APM avg | 26.8 |
| APM peak | 74 |
| eAPM avg | 20.0 |
| Villagers / military | 99 / 20 |
Focus
⚔️ 38.4% · 🌾 61.6%
Janissary ×20
Feudal
12:15
Castle
15:57
Imperial
—
| APM avg | 19.3 |
| APM peak | 50 |
| eAPM avg | 14.9 |
| Villagers / military | 96 / 41 |
Focus
⚔️ 19.0% · 🌾 81.0%
Woad Raider ×19 · Petard ×9 · Battering Ram ×9 · Spearman ×3 · Mangonel ×1
Feudal
8:28
Castle
24:31
Imperial
29:14
| APM avg | 39.7 |
| APM peak | 85 |
| eAPM avg | 24.2 |
| Villagers / military | 58 / 10 |
Focus
⚔️ 24.1% · 🌾 75.9%
Obuch ×7 · Battering Ram ×2 · Monk ×1
Feudal
10:21
Castle
14:23
Imperial
—
| APM avg | 46.4 |
| APM peak | 78 |
| eAPM avg | 30.2 |
| Villagers / military | 112 / 24 |
Focus
⚔️ 9.6% · 🌾 90.4%
Knight ×18 · Battle Elephant ×6
Feudal
10:23
Castle
14:58
Imperial
—
| APM avg | 25.4 |
| APM peak | 59 |
| eAPM avg | 12.9 |
| Villagers / military | 92 / 31 |
Focus
⚔️ 13.7% · 🌾 86.3%
Knight ×31
Match map
Initial resources + every placement click. Lines = walls · curves = elevation contours. ◆ gold · ⬟ stone · ● berries · ✦ relic · ◌ wall gap
Your base· ✓ Closed at 14:43 · 1t walls · 2 gate(s)
Frank's base· ✓ Closed at 13:39 · 17t walls · 2 gate(s)
zaackvader10's base· ✓ Closed at 16:46 · 2t walls · 2 gate(s)
LRNI_robotech's base· ✓ Closed at 15:44 · 0t walls · 2 gate(s)
cgam05's base· ✓ Closed at 15:57 · 0t walls · 3 gate(s)
LRNI_UzuI's base· ✓ Closed at 24:31 · 0t walls · 4 gate(s)
VARooster's base· ✓ Closed at 14:23 · 0t walls · 3 gate(s)
Cail's base· ✓ Closed at 14:58 · 0t walls · 3 gate(s)
Smoothed initial terrain · ◌ = detected wall gap · hover for details
Inputs per minute
— LRNI_altoguiso - - Frank
Build order — LRNI_altoguiso
First 150 of 198 actions detected
| 0:01 | Create | Villager (Male) |
| 0:02 | Create | Villager (Male) |
| 0:02 | Create | Villager (Male) |
| 0:03 | Build | House |
| 0:04 | Build | House |
| 0:15 | Create | Villager (Male) |
| 0:15 | Create | Villager (Male) |
| 1:15 | Create | Villager (Male) |
| 1:16 | Create | Villager (Male) |
| 1:40 | Create | Villager (Male) |
| 1:40 | Create | Villager (Male) |
| 1:44 | Build | Lumber Camp |
| 2:10 | Create | Villager (Male) |
| 2:11 | Create | Villager (Male) |
| 2:35 | Create | Villager (Male) |
| 2:36 | Create | Villager (Male) |
| 3:00 | Create | Villager (Male) |
| 3:25 | Create | Villager (Male) |
| 3:42 | Create | Villager (Male) |
| 3:42 | Create | Villager (Male) |
| 3:57 | Build | House |
| 3:59 | Build | House |
| 4:02 | Create | Villager (Male) |
| 4:03 | Create | Villager (Male) |
| 4:15 | Create | Villager (Male) |
| 4:15 | Create | Villager (Male) |
| 4:32 | Create | Villager (Male) |
| 4:43 | Build | Mill |
| 5:01 | Create | Villager (Male) |
| 5:10 | Create | Villager (Male) |
| 5:10 | Create | Villager (Male) |
| 5:18 | Create | Villager (Male) |
| 5:18 | Create | Villager (Male) |
| 5:34 | Create | Villager (Male) |
| 5:35 | Create | Villager (Male) |
| 7:37 | Create | Villager (Male) |
| 7:59 | Create | Villager (Male) |
| 8:30 | Research | Feudal Age |
| 9:14 | Build | Farm |
| 9:15 | Build | Farm |
| 9:15 | Build | Farm |
| 9:27 | Create | Villager (Male) |
| 9:29 | Build | House |
| 10:37 | Create | Villager (Male) |
| 10:40 | Age | Feudal Age |
| 10:42 | Create | Villager (Male) |
| 10:46 | Build | Mining Camp |
| 11:02 | Build | Blacksmith |
| 11:06 | Build | Market |
| 12:03 | Research | Castle Age |
| 12:03 | Research | Castle Age |
| 12:03 | Research | Castle Age |
| 12:43 | Build | Mining Camp |
| 13:17 | Build | Palisade Wall |
| 13:58 | Build | Barracks |
| 14:28 | Research | Forging |
| 14:28 | Research | Forging |
| 14:43 | Age | Castle Age |
| 14:54 | Build | Krepost |
| 14:55 | Build | Mining Camp |
| 14:57 | Create | Villager (Male) |
| 14:59 | Create | Villager (Male) |
| 15:03 | Build | House |
| 15:25 | Build | Krepost |
| 15:34 | Create | Villager (Male) |
| 15:48 | Build | House |
| 15:50 | Build | House |
| 16:01 | Research | Scale Barding Armor |
| 16:01 | Research | Scale Barding Armor |
| 16:02 | Create | Villager (Male) |
| 16:19 | Create | Villager (Male) |
| 16:56 | Build | Stable |
| 16:59 | Research | Iron Casting |
| 16:59 | Research | Iron Casting |
| 17:03 | Create | Villager (Male) |
| 17:22 | Build | Palisade Wall |
| 17:32 | Create | Villager (Male) |
| 17:33 | Build | Farm |
| 17:37 | Create | Villager (Male) |
| 17:42 | Build | House |
| 17:53 | Build | Krepost |
| 18:08 | Build | Farm |
| 18:17 | Research | Fletching |
| 18:18 | Research | Fletching |
| 18:27 | Create | Knight |
| 18:27 | Create | Knight |
| 18:46 | Create | Villager (Male) |
| 18:52 | Create | Petard |
| 18:52 | Create | Petard |
| 19:10 | Build | Farm |
| 19:17 | Build | Farm |
| 19:18 | Create | Villager (Male) |
| 19:18 | Create | Villager (Male) |
| 19:57 | Create | Villager (Male) |
| 20:15 | Build | Farm |
| 20:19 | Build | Farm |
| 20:20 | Build | Farm |
| 20:21 | Create | Villager (Male) |
| 20:38 | Build | Farm |
| 20:53 | Create | Villager (Male) |
| 20:57 | Build | Farm |
| 21:04 | Research | Loom |
| 21:07 | Create | Knight |
| 21:08 | Create | Knight |
| 21:17 | Build | Krepost |
| 21:28 | Build | Krepost |
| 21:36 | Create | Knight |
| 21:37 | Create | Villager (Male) |
| 21:48 | Build | Town Center |
| 21:49 | Create | Villager (Male) |
| 22:04 | Create | Knight |
| 22:04 | Create | Knight |
| 22:14 | Create | Petard |
| 22:24 | Build | Farm |
| 22:25 | Build | Farm |
| 22:34 | Create | Villager (Male) |
| 22:35 | Create | Villager (Male) |
| 22:35 | Create | Villager (Male) |
| 23:05 | Create | Villager (Male) |
| 23:12 | Build | Farm |
| 23:14 | Build | Farm |
| 23:27 | Create | Villager (Male) |
| 23:38 | Create | Petard |
| 23:44 | Create | Villager (Male) |
| 23:47 | Build | Farm |
| 23:49 | Build | Farm |
| 23:59 | Create | Villager (Male) |
| 24:12 | Build | Farm |
| 24:21 | Create | Villager (Male) |
| 24:33 | Build | Farm |
| 24:44 | Create | Villager (Male) |
| 24:46 | Create | Villager (Male) |
| 25:17 | Build | Farm |
| 25:17 | Create | Villager (Male) |
| 25:35 | Create | Villager (Male) |
| 25:45 | Create | Villager (Male) |
| 25:57 | Build | Farm |
| 25:59 | Build | Farm |
| 26:18 | Create | Villager (Male) |
| 26:27 | Build | Town Center |
| 26:44 | Create | Villager (Male) |
| 26:53 | Build | Krepost |
| 26:58 | Create | Villager (Male) |
| 27:01 | Research | Double-Bit Axe |
| 27:10 | Build | Farm |
| 27:19 | Create | Villager (Male) |
| 27:22 | Build | Farm |
| 27:28 | Create | Villager (Male) |
| 27:50 | Create | Knight |
| 27:50 | Create | Knight |
Build order — Frank
First 150 of 229 actions detected
| 0:01 | Create | Villager (Male) ×4 |
| 0:02 | Build | House |
| 0:03 | Build | House |
| 1:36 | Create | Villager (Male) |
| 1:37 | Create | Villager (Male) |
| 1:46 | Build | Lumber Camp |
| 2:01 | Create | Villager (Male) |
| 2:24 | Create | Villager (Male) |
| 2:46 | Create | Villager (Male) |
| 2:47 | Create | Villager (Male) |
| 3:11 | Create | Villager (Male) |
| 3:26 | Build | House |
| 3:41 | Create | Villager (Male) |
| 4:00 | Create | Villager (Male) |
| 4:16 | Build | Mill |
| 4:35 | Create | Villager (Male) |
| 4:40 | Build | House |
| 5:06 | Create | Villager (Male) |
| 5:26 | Create | Villager (Male) |
| 5:51 | Create | Villager (Male) |
| 5:51 | Create | Villager (Male) |
| 6:53 | Create | Villager (Male) |
| 7:23 | Create | Villager (Male) |
| 7:23 | Research | Feudal Age |
| 7:40 | Build | Mining Camp |
| 9:00 | Research | Loom |
| 9:00 | Create | Villager (Male) |
| 9:11 | Build | Palisade Wall |
| 9:39 | Build | Palisade Wall |
| 10:00 | Build | Palisade Wall |
| 10:04 | Build | Palisade Wall |
| 10:06 | Age | Feudal Age |
| 10:10 | Build | Market |
| 10:11 | Build | Blacksmith |
| 10:58 | Research | Double-Bit Axe |
| 10:59 | Research | Castle Age |
| 11:11 | Build | Palisade Wall |
| 11:17 | Build | House |
| 11:48 | Build | House |
| 11:59 | Research | Horse Collar |
| 12:26 | Build | Market |
| 12:55 | Create | Villager (Male) |
| 13:22 | Build | Palisade Wall |
| 13:27 | Build | Palisade Wall |
| 13:39 | Age | Castle Age |
| 13:47 | Build | House |
| 13:51 | Create | Villager (Male) |
| 13:53 | Build | Town Center |
| 14:03 | Build | Palisade Wall |
| 14:04 | Build | Palisade Wall |
| 14:07 | Build | Palisade Wall |
| 14:07 | Build | Palisade Wall |
| 14:15 | Create | Villager (Male) |
| 14:52 | Create | Villager (Male) |
| 15:09 | Build | Palisade Wall |
| 15:10 | Build | Palisade Wall |
| 15:12 | Build | Palisade Wall |
| 15:15 | Create | Villager (Male) |
| 15:17 | Create | Villager (Male) |
| 15:19 | Create | Villager (Male) |
| 15:20 | Build | Farm |
| 15:21 | Build | Farm |
| 15:23 | Build | Farm |
| 15:37 | Build | Farm |
| 15:39 | Build | Farm |
| 15:40 | Build | Farm |
| 15:41 | Build | Farm |
| 15:43 | Build | House |
| 15:44 | Build | Palisade Wall |
| 16:03 | Build | Farm |
| 16:04 | Build | Farm |
| 16:16 | Build | House |
| 16:25 | Build | Farm |
| 16:27 | Build | Farm |
| 16:28 | Build | Farm |
| 16:29 | Build | Farm |
| 16:30 | Create | Villager (Male) |
| 16:30 | Create | Villager (Male) |
| 16:50 | Create | Villager (Male) |
| 16:50 | Create | Villager (Male) |
| 16:57 | Build | Farm |
| 17:08 | Build | Farm |
| 17:11 | Create | Villager (Male) |
| 17:11 | Create | Villager (Male) |
| 17:32 | Create | Villager (Male) |
| 17:32 | Create | Villager (Male) |
| 17:52 | Create | Villager (Male) |
| 17:53 | Create | Villager (Male) |
| 18:05 | Build | Town Center |
| 18:09 | Research | Bow Saw |
| 18:22 | Create | Villager (Male) |
| 18:22 | Create | Villager (Male) |
| 18:27 | Build | Farm |
| 18:43 | Create | Villager (Male) |
| 18:44 | Create | Villager (Male) |
| 18:52 | Create | Villager (Male) |
| 18:52 | Create | Villager (Male) |
| 18:53 | Build | Farm |
| 19:15 | Create | Villager (Male) |
| 19:15 | Create | Villager (Male) |
| 19:37 | Create | Villager (Male) |
| 19:37 | Create | Villager (Male) |
| 19:41 | Create | Villager (Male) |
| 19:41 | Create | Villager (Male) |
| 19:43 | Build | Farm |
| 19:44 | Build | Farm |
| 19:45 | Build | Farm |
| 19:53 | Build | Farm |
| 19:54 | Build | Farm |
| 20:03 | Create | Villager (Male) ×2 |
| 20:14 | Create | Villager (Male) ×2 |
| 20:25 | Create | Villager (Male) |
| 20:26 | Create | Villager (Male) |
| 20:29 | Build | Mining Camp |
| 20:31 | Create | Villager (Male) |
| 20:40 | Build | Stone Wall |
| 20:43 | Create | Villager (Male) |
| 20:45 | Build | Farm |
| 20:48 | Build | Farm |
| 20:59 | Build | Stone Wall |
| 21:01 | Create | Villager (Male) ×2 |
| 21:07 | Build | Farm |
| 21:13 | Build | House |
| 21:13 | Build | House |
| 21:25 | Research | Wheelbarrow |
| 21:27 | Create | Villager (Male) |
| 21:36 | Create | Villager (Male) |
| 21:40 | Build | Farm |
| 21:59 | Create | Villager (Male) ×3 |
| 22:04 | Build | House |
| 22:25 | Create | Villager (Male) |
| 22:27 | Build | Farm |
| 22:28 | Create | Villager (Male) |
| 22:29 | Create | Villager (Male) |
| 22:29 | Create | Villager (Male) |
| 22:42 | Build | Farm |
| 22:55 | Create | Villager (Male) |
| 22:55 | Create | Villager (Male) |
| 23:10 | Build | University |
| 23:17 | Build | Monastery |
| 23:22 | Build | House |
| 23:26 | Build | Farm |
| 23:30 | Create | Villager (Male) |
| 23:31 | Create | Villager (Male) |
| 23:31 | Create | Villager (Male) |
| 23:31 | Create | Villager (Male) |
| 23:31 | Create | Villager (Male) |
| 23:54 | Research | Hand Cart |
| 23:55 | Create | Villager (Male) ×3 |
| 24:04 | Build | House |
Build order — zaackvader10
First 150 of 205 actions detected
| 0:01 | Create | Villager (Male) |
| 0:01 | Create | Villager (Male) |
| 0:03 | Build | House |
| 0:05 | Build | House |
| 0:10 | Create | Villager (Male) |
| 0:10 | Create | Villager (Male) |
| 0:11 | Create | Villager (Male) |
| 1:08 | Build | Lumber Camp |
| 1:31 | Create | Villager (Male) |
| 1:57 | Create | Villager (Male) |
| 1:58 | Create | Villager (Male) |
| 2:26 | Create | Villager (Male) |
| 2:58 | Create | Villager (Male) |
| 3:26 | Create | Villager (Male) |
| 3:55 | Create | Villager (Male) |
| 3:55 | Create | Villager (Male) |
| 3:55 | Create | Villager (Male) |
| 3:58 | Build | House |
| 4:04 | Build | House |
| 4:25 | Build | Mining Camp |
| 4:33 | Build | House |
| 4:40 | Create | Villager (Male) |
| 4:41 | Create | Villager (Male) |
| 4:46 | Build | House |
| 5:23 | Create | Villager (Male) |
| 5:46 | Build | Mill |
| 5:52 | Create | Villager (Male) |
| 6:18 | Create | Villager (Male) |
| 6:41 | Create | Villager (Male) |
| 7:08 | Create | Villager (Male) |
| 7:41 | Create | Villager (Male) |
| 7:56 | Create | Villager (Male) |
| 8:22 | Create | Villager (Male) |
| 8:54 | Create | Villager (Male) |
| 9:16 | Create | Villager (Male) |
| 9:24 | Build | House |
| 9:26 | Build | House |
| 9:32 | Build | Palisade Wall |
| 9:32 | Build | Palisade Wall |
| 9:43 | Create | Villager (Male) |
| 10:07 | Research | Feudal Age |
| 11:10 | Create | Villager (Male) |
| 11:10 | Create | Villager (Male) |
| 12:21 | Age | Feudal Age |
| 12:24 | Build | Market |
| 12:27 | Build | Blacksmith |
| 12:37 | Build | Farm |
| 12:38 | Build | Farm |
| 12:38 | Build | Farm |
| 12:39 | Build | Farm |
| 12:39 | Build | Farm |
| 12:39 | Build | Farm |
| 12:40 | Build | Farm |
| 12:43 | Build | Farm |
| 12:44 | Build | Farm |
| 13:03 | Create | Villager (Male) |
| 13:14 | Create | Villager (Male) |
| 13:41 | Research | Loom |
| 13:43 | Research | Castle Age |
| 14:15 | Build | Farm |
| 14:16 | Build | Farm |
| 14:27 | Build | Barracks |
| 14:32 | Research | Double-Bit Axe |
| 15:06 | Build | House |
| 15:16 | Build | House |
| 16:00 | Create | Villager (Male) |
| 16:00 | Create | Villager (Male) |
| 16:46 | Age | Castle Age |
| 16:50 | Build | Monastery |
| 16:56 | Build | University |
| 17:04 | Create | Villager (Male) |
| 17:15 | Build | Farm |
| 17:27 | Create | Monk |
| 17:43 | Build | Town Center |
| 18:02 | Create | Villager (Male) |
| 18:26 | Research | Imperial Age |
| 18:29 | Create | Villager (Male) |
| 18:29 | Create | Villager (Male) |
| 18:48 | Create | Villager (Male) |
| 18:48 | Create | Villager (Male) |
| 19:24 | Build | Siege Workshop |
| 19:33 | Create | Villager (Male) |
| 19:33 | Create | Villager (Male) |
| 19:33 | Create | Villager (Male) |
| 19:59 | Create | Villager (Male) |
| 20:00 | Create | Villager (Male) |
| 20:05 | Build | House |
| 20:06 | Build | House |
| 20:07 | Build | House |
| 21:02 | Build | Archery Range |
| 21:24 | Create | Villager (Male) |
| 21:37 | Age | Imperial Age |
| 21:37 | Research | Chemistry |
| 21:43 | Build | Archery Range |
| 21:57 | Create | Villager (Male) |
| 21:59 | Create | Villager (Male) |
| 21:59 | Create | Villager (Male) |
| 21:59 | Create | Villager (Male) |
| 22:23 | Build | Archery Range |
| 22:45 | Build | Archery Range |
| 22:51 | Create | Villager (Male) |
| 22:51 | Create | Villager (Male) |
| 22:52 | Create | Villager (Male) |
| 22:53 | Create | Villager (Male) |
| 22:53 | Create | Villager (Male) |
| 22:55 | Build | Farm |
| 22:55 | Build | Farm |
| 23:12 | Build | Farm |
| 23:12 | Build | Farm |
| 23:12 | Build | Farm |
| 23:13 | Build | Farm |
| 23:13 | Build | Farm |
| 23:21 | Create | Hand Cannoneer |
| 23:21 | Create | Hand Cannoneer |
| 23:31 | Create | Hand Cannoneer |
| 23:41 | Create | Bombard Cannon |
| 23:49 | Create | Hand Cannoneer |
| 23:56 | Create | Hand Cannoneer |
| 23:56 | Create | Hand Cannoneer |
| 24:10 | Create | Hand Cannoneer |
| 24:11 | Create | Hand Cannoneer |
| 24:17 | Create | Hand Cannoneer |
| 24:17 | Create | Hand Cannoneer |
| 24:21 | Build | Siege Workshop |
| 24:41 | Create | Monk |
| 25:07 | Create | Hand Cannoneer |
| 25:07 | Create | Hand Cannoneer |
| 25:08 | Create | Hand Cannoneer |
| 25:08 | Create | Hand Cannoneer |
| 25:08 | Create | Hand Cannoneer |
| 25:08 | Create | Hand Cannoneer |
| 25:09 | Create | Hand Cannoneer |
| 25:39 | Build | Archery Range |
| 25:42 | Create | Hand Cannoneer |
| 25:43 | Create | Hand Cannoneer |
| 25:43 | Create | Hand Cannoneer |
| 25:43 | Create | Hand Cannoneer |
| 26:10 | Create | Villager (Male) |
| 26:10 | Create | Villager (Male) |
| 26:10 | Create | Villager (Male) |
| 26:10 | Create | Villager (Male) |
| 26:11 | Create | Villager (Male) |
| 26:11 | Create | Villager (Male) |
| 26:12 | Build | House |
| 26:13 | Build | House |
| 26:14 | Build | House |
| 26:43 | Create | Bombard Cannon |
| 26:43 | Create | Bombard Cannon |
| 27:19 | Build | Siege Workshop |
| 27:26 | Create | Villager (Male) |
Build order — LRNI_robotech
First 150 of 196 actions detected
| 0:01 | Create | Villager (Male) |
| 0:01 | Create | Villager (Male) |
| 0:02 | Create | Villager (Male) |
| 0:03 | Build | House |
| 0:05 | Build | House |
| 0:05 | Create | Villager (Male) |
| 1:27 | Create | Villager (Male) |
| 1:27 | Create | Villager (Male) |
| 1:48 | Build | Lumber Camp |
| 2:03 | Create | Villager (Male) |
| 2:38 | Create | Villager (Male) |
| 2:38 | Create | Villager (Male) |
| 2:38 | Create | Villager (Male) |
| 3:34 | Build | House |
| 3:41 | Create | Villager (Male) |
| 3:41 | Create | Villager (Male) |
| 3:57 | Create | Villager (Male) |
| 3:58 | Create | Villager (Male) |
| 4:13 | Build | House |
| 4:16 | Build | House |
| 4:22 | Create | Villager (Male) |
| 4:23 | Create | Villager (Male) |
| 4:23 | Create | Villager (Male) |
| 4:23 | Create | Villager (Male) |
| 4:43 | Create | Villager (Male) |
| 4:43 | Create | Villager (Male) |
| 5:40 | Create | Villager (Male) |
| 5:40 | Create | Villager (Male) |
| 6:10 | Create | Villager (Male) |
| 6:38 | Create | Villager (Male) |
| 6:41 | Create | Villager (Male) |
| 6:41 | Create | Villager (Male) |
| 7:12 | Build | Mill |
| 7:32 | Create | Villager (Male) |
| 7:52 | Build | Farm |
| 7:54 | Build | Farm |
| 7:57 | Build | Farm |
| 8:01 | Build | Farm |
| 8:28 | Build | Mining Camp |
| 8:29 | Create | Villager (Male) |
| 8:33 | Create | Villager (Male) |
| 9:18 | Build | Mining Camp |
| 9:27 | Research | Feudal Age |
| 11:14 | Create | Villager (Male) |
| 11:15 | Create | Villager (Male) |
| 11:41 | Age | Feudal Age |
| 11:45 | Research | Wheelbarrow |
| 11:47 | Create | Villager (Male) |
| 11:57 | Build | Blacksmith |
| 12:01 | Build | Market |
| 13:04 | Research | Castle Age |
| 13:11 | Build | House |
| 13:59 | Research | Double-Bit Axe |
| 14:02 | Research | Gold Mining |
| 14:15 | Research | Horse Collar |
| 14:15 | Research | Horse Collar |
| 15:06 | Build | Farm |
| 15:06 | Build | Farm |
| 15:35 | Research | Loom |
| 15:38 | Create | Villager (Male) |
| 15:38 | Create | Villager (Male) |
| 15:38 | Create | Villager (Male) |
| 15:43 | Build | Farm |
| 15:44 | Build | Farm |
| 15:44 | Age | Castle Age |
| 15:44 | Build | Farm |
| 15:53 | Create | Villager (Male) |
| 15:53 | Create | Villager (Male) |
| 16:24 | Build | Castle |
| 16:32 | Build | Palisade Wall |
| 16:33 | Build | Palisade Wall |
| 16:35 | Build | Palisade Wall |
| 16:37 | Build | Palisade Wall |
| 16:42 | Build | Palisade Wall |
| 16:43 | Build | Palisade Wall |
| 16:48 | Build | Barracks |
| 16:51 | Build | Palisade Wall |
| 17:08 | Build | Palisade Wall |
| 17:29 | Build | Palisade Wall |
| 18:30 | Create | Villager (Male) |
| 18:31 | Create | Villager (Male) |
| 18:31 | Create | Villager (Male) |
| 18:31 | Create | Villager (Male) |
| 18:43 | Create | Villager (Male) |
| 18:44 | Create | Villager (Male) |
| 18:44 | Create | Villager (Male) |
| 18:51 | Create | Janissary |
| 18:51 | Create | Janissary |
| 18:52 | Create | Janissary |
| 19:00 | Create | Villager (Male) |
| 19:00 | Create | Villager (Male) |
| 19:08 | Build | Barracks |
| 19:42 | Create | Villager (Male) |
| 19:42 | Create | Villager (Male) |
| 19:43 | Create | Villager (Male) |
| 19:47 | Build | Farm |
| 19:47 | Build | Farm |
| 19:48 | Build | Farm |
| 19:48 | Build | Farm |
| 19:49 | Create | Villager (Male) |
| 19:50 | Create | Villager (Male) |
| 19:53 | Build | House |
| 20:16 | Build | House |
| 20:19 | Create | Villager (Male) |
| 20:21 | Create | Villager (Male) |
| 20:22 | Create | Villager (Male) |
| 20:37 | Create | Janissary |
| 20:37 | Create | Janissary |
| 20:37 | Create | Janissary |
| 20:38 | Create | Janissary |
| 20:38 | Create | Janissary |
| 20:41 | Build | House |
| 21:13 | Build | House |
| 21:22 | Create | Villager (Male) |
| 21:23 | Create | Villager (Male) |
| 21:25 | Create | Villager (Male) |
| 21:28 | Research | Bow Saw |
| 22:20 | Create | Villager (Male) |
| 22:20 | Create | Villager (Male) |
| 22:25 | Create | Villager (Male) |
| 22:31 | Create | Janissary |
| 22:31 | Create | Janissary |
| 22:43 | Create | Villager (Male) |
| 22:43 | Create | Villager (Male) |
| 22:54 | Build | Farm |
| 22:55 | Build | Farm |
| 22:55 | Build | Farm |
| 22:55 | Build | Farm |
| 22:55 | Build | Farm |
| 22:56 | Build | Farm |
| 22:56 | Create | Villager (Male) |
| 22:57 | Create | Villager (Male) |
| 23:42 | Create | Janissary |
| 23:42 | Create | Janissary |
| 23:44 | Create | Villager (Male) |
| 23:44 | Create | Villager (Male) |
| 23:47 | Build | House |
| 24:29 | Build | Siege Workshop |
| 24:32 | Create | Villager (Male) |
| 24:43 | Create | Villager (Male) |
| 24:43 | Create | Villager (Male) |
| 24:45 | Build | House |
| 25:08 | Build | Palisade Wall |
| 25:27 | Create | Janissary |
| 25:28 | Create | Janissary |
| 25:28 | Create | Janissary |
| 25:28 | Create | Janissary |
| 25:28 | Create | Janissary |
| 25:52 | Create | Villager (Male) |
| 25:52 | Create | Villager (Male) |
Build order — cgam05
First 150 of 237 actions detected
| 0:02 | Create | Villager (Male) |
| 0:04 | Build | House |
| 0:07 | Build | House |
| 0:18 | Create | Villager (Male) |
| 0:19 | Create | Villager (Male) |
| 0:19 | Create | Villager (Male) |
| 1:32 | Create | Villager (Male) |
| 1:48 | Build | Lumber Camp |
| 2:06 | Create | Villager (Male) |
| 2:32 | Create | Villager (Male) |
| 2:56 | Create | Villager (Male) |
| 3:06 | Create | Villager (Male) |
| 3:42 | Create | Villager (Male) |
| 3:57 | Build | House |
| 4:04 | Build | House |
| 4:05 | Build | House |
| 4:06 | Build | House |
| 4:15 | Create | Villager (Male) |
| 4:19 | Build | Mill |
| 4:31 | Create | Villager (Male) |
| 4:40 | Create | Villager (Male) |
| 5:24 | Create | Villager (Male) |
| 5:24 | Create | Villager (Male) |
| 6:13 | Create | Villager (Male) |
| 6:45 | Create | Villager (Male) |
| 6:51 | Build | Farm |
| 7:00 | Build | Lumber Camp |
| 7:05 | Create | Villager (Male) |
| 7:05 | Create | Villager (Male) |
| 7:05 | Create | Villager (Male) |
| 7:30 | Create | Villager (Male) |
| 7:31 | Create | Villager (Male) |
| 7:31 | Create | Villager (Male) |
| 7:31 | Create | Villager (Male) |
| 9:09 | Research | Feudal Age |
| 9:22 | Build | Mining Camp |
| 10:57 | Create | Villager (Male) |
| 10:59 | Create | Villager (Male) |
| 11:20 | Build | Farm |
| 11:20 | Build | Farm |
| 11:22 | Build | Farm |
| 11:24 | Build | Farm |
| 11:29 | Build | Mining Camp |
| 11:50 | Build | Farm |
| 11:52 | Build | Farm |
| 11:56 | Build | Farm |
| 12:15 | Age | Feudal Age |
| 12:22 | Build | Market |
| 12:26 | Build | Blacksmith |
| 13:17 | Research | Castle Age |
| 13:37 | Build | House |
| 13:52 | Research | Stone Mining |
| 14:15 | Research | Double-Bit Axe |
| 15:09 | Research | Loom |
| 15:57 | Age | Castle Age |
| 15:57 | Create | Villager (Male) |
| 16:18 | Build | Castle |
| 16:27 | Research | Fletching |
| 16:55 | Create | Villager (Male) |
| 16:56 | Create | Villager (Male) |
| 17:13 | Build | Town Center |
| 17:41 | Build | Mining Camp |
| 17:46 | Build | Siege Workshop |
| 17:55 | Create | Petard |
| 17:57 | Create | Villager (Male) |
| 17:58 | Create | Villager (Male) |
| 17:59 | Research | Wheelbarrow |
| 18:05 | Create | Villager (Male) |
| 18:05 | Create | Villager (Male) |
| 18:05 | Create | Villager (Male) |
| 18:39 | Create | Battering Ram |
| 18:45 | Create | Villager (Male) |
| 18:51 | Create | Villager (Male) |
| 19:03 | Create | Villager (Male) |
| 19:20 | Create | Petard |
| 19:24 | Create | Battering Ram |
| 19:34 | Create | Villager (Male) |
| 19:37 | Build | Farm |
| 19:42 | Build | Farm |
| 20:04 | Create | Petard |
| 20:10 | Build | Farm |
| 20:18 | Create | Villager (Male) |
| 20:29 | Create | Villager (Male) |
| 20:29 | Create | Villager (Male) |
| 20:37 | Create | Mangonel |
| 20:47 | Create | Villager (Male) |
| 20:47 | Create | Villager (Male) |
| 21:12 | Build | Town Center |
| 21:19 | Build | Farm |
| 21:19 | Create | Villager (Male) |
| 21:29 | Create | Petard |
| 21:35 | Build | Farm |
| 21:45 | Create | Villager (Male) |
| 21:51 | Create | Villager (Male) |
| 22:15 | Create | Petard |
| 22:32 | Create | Villager (Male) |
| 22:32 | Create | Villager (Male) |
| 22:33 | Create | Villager (Male) |
| 22:57 | Build | Town Center |
| 23:01 | Build | Farm |
| 23:01 | Build | Farm |
| 23:03 | Build | Farm |
| 23:05 | Create | Villager (Male) |
| 23:06 | Create | Villager (Male) |
| 23:06 | Create | Villager (Male) |
| 23:06 | Create | Villager (Male) |
| 23:18 | Create | Petard |
| 23:19 | Create | Villager (Male) |
| 23:20 | Create | Villager (Male) |
| 23:25 | Build | Farm |
| 23:30 | Create | Villager (Male) |
| 23:31 | Create | Villager (Male) |
| 23:37 | Build | Farm |
| 23:39 | Build | Farm |
| 23:42 | Build | Farm |
| 23:47 | Build | Farm |
| 23:53 | Research | Horse Collar |
| 23:53 | Research | Horse Collar |
| 24:11 | Create | Petard |
| 24:19 | Create | Villager (Male) |
| 24:24 | Build | House |
| 24:26 | Build | House |
| 24:27 | Build | House |
| 24:35 | Build | House |
| 24:36 | Build | House |
| 24:46 | Create | Battering Ram |
| 25:01 | Create | Petard |
| 25:10 | Create | Woad Raider |
| 25:10 | Create | Woad Raider |
| 25:10 | Create | Woad Raider |
| 25:11 | Create | Woad Raider |
| 25:29 | Create | Woad Raider |
| 25:30 | Create | Woad Raider |
| 25:30 | Create | Woad Raider |
| 25:30 | Create | Woad Raider |
| 25:33 | Create | Woad Raider |
| 25:33 | Create | Woad Raider |
| 25:39 | Build | Farm |
| 25:40 | Build | Farm |
| 25:41 | Build | Farm |
| 25:43 | Build | Farm |
| 25:45 | Create | Villager (Male) |
| 25:45 | Create | Villager (Male) |
| 25:49 | Build | Farm |
| 25:50 | Build | Farm |
| 26:12 | Build | Farm |
| 26:13 | Create | Villager (Male) |
| 26:15 | Create | Villager (Male) |
| 26:15 | Create | Villager (Male) |
| 26:15 | Create | Villager (Male) |
Build order — LRNI_UzuI
First 150 of 165 actions detected
| 0:01 | Build | House |
| 0:02 | Build | House |
| 0:03 | Create | Villager (Male) ×4 |
| 1:28 | Create | Villager (Male) |
| 1:28 | Create | Villager (Male) |
| 1:57 | Create | Villager (Male) |
| 1:58 | Create | Villager (Male) |
| 2:13 | Build | Mill |
| 2:19 | Create | Villager (Male) |
| 2:47 | Create | Villager (Male) |
| 2:49 | Create | Villager (Male) |
| 3:37 | Create | Villager (Male) |
| 3:37 | Create | Villager (Male) |
| 4:24 | Create | Villager (Male) |
| 4:50 | Create | Villager (Male) |
| 4:58 | Build | Lumber Camp |
| 5:15 | Create | Villager (Male) |
| 5:30 | Research | Loom |
| 6:17 | Research | Feudal Age |
| 6:17 | Research | Feudal Age |
| 7:12 | Build | Mining Camp |
| 7:41 | Create | Villager (Male) |
| 7:53 | Build | House |
| 8:28 | Age | Feudal Age |
| 8:30 | Build | Watch Tower |
| 8:38 | Create | Villager (Male) |
| 9:19 | Build | Blacksmith |
| 9:22 | Create | Villager (Male) |
| 9:43 | Create | Villager (Male) |
| 9:58 | Research | Fletching |
| 9:59 | Research | Fletching |
| 10:05 | Build | House |
| 10:06 | Build | House |
| 10:19 | Build | Watch Tower |
| 10:32 | Create | Villager (Male) |
| 11:10 | Create | Villager (Male) |
| 11:15 | Build | House |
| 11:16 | Build | House |
| 11:31 | Build | Watch Tower |
| 11:49 | Create | Villager (Male) |
| 12:22 | Create | Villager (Male) |
| 12:49 | Create | Villager (Male) |
| 13:08 | Build | Watch Tower |
| 13:41 | Create | Villager (Male) |
| 14:32 | Create | Villager (Male) |
| 14:33 | Create | Villager (Male) |
| 15:06 | Create | Villager (Male) |
| 15:25 | Create | Villager (Male) |
| 15:29 | Research | Double-Bit Axe |
| 15:29 | Research | Double-Bit Axe |
| 15:40 | Build | Palisade Gate |
| 15:50 | Create | Villager (Male) |
| 15:56 | Build | Mining Camp |
| 16:12 | Create | Villager (Male) |
| 16:22 | Build | Market |
| 16:26 | Build | House |
| 16:26 | Build | House |
| 16:26 | Build | House |
| 16:39 | Create | Villager (Male) |
| 17:34 | Create | Villager (Male) |
| 17:41 | Build | Farm |
| 17:41 | Build | Farm |
| 17:41 | Build | Farm |
| 17:42 | Build | Farm |
| 18:01 | Create | Villager (Male) |
| 18:05 | Build | Farm |
| 18:08 | Build | Farm |
| 18:10 | Build | Farm |
| 18:15 | Build | Farm |
| 18:24 | Create | Villager (Male) |
| 18:44 | Create | Villager (Male) |
| 18:47 | Build | House |
| 18:47 | Build | House |
| 19:26 | Create | Villager (Male) |
| 19:47 | Create | Villager (Male) |
| 19:59 | Build | House |
| 20:00 | Build | House |
| 20:01 | Build | House |
| 20:16 | Build | Mill |
| 20:17 | Build | Farm |
| 20:17 | Build | Farm |
| 20:18 | Build | Farm |
| 20:18 | Build | Farm |
| 20:18 | Build | Farm |
| 20:19 | Build | Farm |
| 20:19 | Create | Villager (Male) |
| 20:37 | Create | Villager (Male) |
| 20:57 | Create | Villager (Male) |
| 21:11 | Build | Farm |
| 21:21 | Build | House |
| 21:23 | Build | House |
| 21:25 | Research | Horse Collar |
| 21:51 | Research | Castle Age |
| 22:05 | Build | Farm |
| 22:09 | Build | House |
| 22:55 | Build | House |
| 22:56 | Build | House |
| 23:09 | Build | Farm |
| 23:43 | Create | Villager (Male) |
| 23:55 | Build | House |
| 23:59 | Build | House |
| 24:31 | Age | Castle Age |
| 24:44 | Build | Castle |
| 24:49 | Create | Villager (Male) |
| 25:18 | Build | House |
| 25:20 | Build | House |
| 25:21 | Build | House |
| 25:26 | Create | Villager (Male) |
| 26:04 | Research | Imperial Age |
| 26:04 | Research | Imperial Age |
| 26:21 | Build | Town Center |
| 26:28 | Research | Bow Saw |
| 26:29 | Research | Gold Mining |
| 26:49 | Build | House |
| 26:53 | Build | House |
| 26:58 | Build | Lumber Camp |
| 27:06 | Research | Heavy Plow |
| 27:23 | Build | Gate |
| 27:27 | Create | Obuch |
| 27:27 | Create | Obuch |
| 27:28 | Create | Obuch |
| 27:45 | Build | Stone Wall |
| 27:46 | Build | Stone Wall |
| 27:46 | Build | Stone Wall |
| 27:48 | Create | Villager (Male) |
| 27:53 | Create | Villager (Male) |
| 28:24 | Research | Forging |
| 28:25 | Create | Obuch |
| 28:30 | Build | Siege Workshop |
| 28:42 | Create | Villager (Male) |
| 28:42 | Create | Villager (Male) |
| 28:54 | Build | Town Center |
| 29:01 | Research | Wheelbarrow |
| 29:13 | Create | Obuch |
| 29:14 | Age | Imperial Age |
| 29:26 | Build | Monastery |
| 29:33 | Create | Villager (Male) |
| 29:34 | Create | Villager (Male) |
| 29:48 | Create | Obuch |
| 29:58 | Research | Town Watch |
| 30:11 | Create | Monk |
| 30:15 | Build | Farm |
| 30:18 | Create | Battering Ram |
| 30:19 | Research | Capped Ram (upgrade) |
| 30:31 | Build | Barracks |
| 30:37 | Create | Obuch |
| 30:45 | Create | Villager (Male) |
| 30:46 | Create | Villager (Male) |
| 30:47 | Create | Villager (Male) |
| 30:47 | Create | Villager (Male) |
Build order — VARooster
First 150 of 252 actions detected
| 0:00 | Create | Villager (Male) |
| 0:01 | Create | Villager (Male) |
| 0:01 | Create | Villager (Male) |
| 0:01 | Create | Villager (Male) |
| 0:01 | Create | Villager (Male) |
| 0:03 | Build | House |
| 0:05 | Build | House |
| 1:34 | Create | Villager (Male) |
| 1:35 | Create | Villager (Male) |
| 1:49 | Build | Lumber Camp |
| 2:11 | Create | Villager (Male) |
| 2:12 | Create | Villager (Male) |
| 2:12 | Create | Villager (Male) |
| 2:12 | Create | Villager (Male) |
| 2:41 | Create | Villager (Male) |
| 2:41 | Create | Villager (Male) |
| 2:41 | Create | Villager (Male) |
| 2:41 | Create | Villager (Male) |
| 2:41 | Create | Villager (Male) |
| 3:03 | Create | Villager (Male) |
| 3:03 | Create | Villager (Male) |
| 3:03 | Create | Villager (Male) |
| 3:56 | Create | Villager (Male) |
| 3:57 | Create | Villager (Male) |
| 3:57 | Create | Villager (Male) |
| 4:15 | Create | Villager (Male) |
| 4:16 | Create | Villager (Male) |
| 4:30 | Build | Mill |
| 4:43 | Create | Villager (Male) |
| 4:50 | Research | Loom |
| 4:50 | Research | Loom |
| 4:52 | Build | House |
| 4:59 | Create | Villager (Male) |
| 5:00 | Create | Villager (Male) |
| 5:00 | Create | Villager (Male) |
| 5:44 | Create | Villager (Male) |
| 6:07 | Create | Villager (Male) |
| 6:07 | Create | Villager (Male) |
| 6:11 | Build | Mining Camp |
| 6:34 | Build | House |
| 7:21 | Create | Villager (Male) |
| 7:21 | Create | Villager (Male) |
| 7:42 | Build | Farm |
| 8:13 | Create | Villager (Male) |
| 8:13 | Create | Villager (Male) |
| 8:14 | Create | Villager (Male) |
| 8:20 | Build | Farm |
| 8:43 | Research | Feudal Age |
| 8:44 | Research | Feudal Age |
| 8:48 | Build | Farm |
| 9:17 | Build | Farm |
| 10:11 | Build | House |
| 10:20 | Create | Villager (Male) |
| 10:21 | Age | Feudal Age |
| 10:23 | Create | Villager (Male) |
| 10:51 | Build | Market |
| 11:14 | Create | Villager (Male) |
| 11:40 | Create | Villager (Male) |
| 12:11 | Build | Blacksmith |
| 12:22 | Create | Villager (Male) |
| 12:23 | Create | Villager (Male) |
| 12:38 | Research | Castle Age |
| 12:44 | Research | Double-Bit Axe |
| 12:44 | Research | Double-Bit Axe |
| 13:16 | Build | Barracks |
| 13:34 | Research | Forging |
| 13:34 | Research | Forging |
| 13:34 | Research | Forging |
| 13:57 | Research | Scale Barding Armor |
| 13:57 | Research | Scale Barding Armor |
| 14:03 | Build | Stable |
| 14:13 | Build | Farm |
| 14:23 | Age | Castle Age |
| 14:25 | Create | Villager (Male) |
| 14:41 | Build | Farm |
| 14:44 | Build | Farm |
| 14:47 | Create | Knight |
| 14:55 | Build | Farm |
| 14:55 | Create | Villager (Male) |
| 15:04 | Build | House |
| 15:10 | Create | Villager (Male) |
| 15:15 | Create | Knight |
| 15:25 | Build | Farm |
| 15:34 | Create | Knight |
| 15:47 | Build | Farm |
| 15:49 | Build | Farm |
| 15:54 | Create | Villager (Male) |
| 15:58 | Build | House |
| 16:03 | Build | Farm |
| 16:06 | Create | Knight |
| 16:26 | Create | Villager (Male) |
| 16:27 | Create | Knight |
| 17:02 | Create | Villager (Male) |
| 17:03 | Create | Knight |
| 17:03 | Create | Knight |
| 17:46 | Create | Knight |
| 17:46 | Create | Knight |
| 17:47 | Create | Villager (Male) |
| 17:48 | Create | Villager (Male) |
| 17:48 | Create | Villager (Male) |
| 17:54 | Build | Town Center |
| 18:39 | Create | Villager (Male) |
| 18:39 | Create | Villager (Male) |
| 18:39 | Create | Villager (Male) |
| 18:40 | Create | Villager (Male) |
| 18:57 | Build | House |
| 18:59 | Build | House |
| 19:15 | Create | Villager (Male) |
| 19:15 | Create | Villager (Male) |
| 19:15 | Create | Villager (Male) |
| 19:27 | Create | Villager (Male) |
| 19:44 | Create | Knight |
| 19:44 | Create | Knight |
| 19:49 | Research | Iron Casting |
| 19:49 | Research | Iron Casting |
| 19:49 | Research | Iron Casting |
| 20:01 | Build | Farm |
| 20:01 | Build | Farm |
| 20:01 | Build | Farm |
| 20:09 | Create | Villager (Male) |
| 20:31 | Build | Stone Wall |
| 20:37 | Create | Knight |
| 20:38 | Create | Villager (Male) |
| 20:41 | Build | Farm |
| 20:43 | Build | Farm |
| 20:49 | Build | Farm |
| 20:51 | Build | Farm |
| 20:53 | Create | Villager (Male) |
| 20:57 | Create | Knight |
| 21:08 | Build | Farm |
| 21:10 | Create | Villager (Male) |
| 21:21 | Create | Villager (Male) |
| 21:24 | Build | Farm |
| 22:00 | Build | House |
| 22:03 | Build | House |
| 22:07 | Build | House |
| 22:11 | Create | Knight |
| 22:12 | Create | Knight |
| 22:12 | Create | Knight |
| 22:13 | Create | Villager (Male) |
| 22:14 | Create | Villager (Male) |
| 22:15 | Create | Villager (Male) |
| 22:15 | Create | Villager (Male) |
| 22:32 | Build | House |
| 22:34 | Build | House |
| 22:37 | Build | House |
| 23:09 | Create | Villager (Male) |
| 23:09 | Create | Villager (Male) |
| 23:09 | Create | Villager (Male) |
| 23:11 | Create | Villager (Male) |
Build order — Cail
First 150 of 181 actions detected
| 0:02 | Create | Villager (Male) |
| 0:03 | Create | Villager (Male) |
| 0:03 | Create | Villager (Male) |
| 0:04 | Build | House |
| 0:06 | Build | House |
| 0:13 | Create | Villager (Male) |
| 0:13 | Create | Villager (Male) |
| 1:32 | Create | Villager (Male) |
| 1:32 | Create | Villager (Male) |
| 1:46 | Build | Lumber Camp |
| 1:56 | Create | Villager (Male) |
| 1:56 | Create | Villager (Male) |
| 2:30 | Create | Villager (Male) |
| 2:30 | Create | Villager (Male) |
| 2:54 | Create | Villager (Male) |
| 2:54 | Create | Villager (Male) |
| 3:07 | Create | Villager (Male) |
| 3:07 | Create | Villager (Male) |
| 3:26 | Build | House |
| 3:33 | Create | Villager (Male) |
| 3:33 | Create | Villager (Male) |
| 4:01 | Build | Mill |
| 4:04 | Create | Villager (Male) |
| 4:04 | Create | Villager (Male) |
| 4:04 | Create | Villager (Male) |
| 4:48 | Create | Villager (Male) |
| 4:48 | Create | Villager (Male) |
| 4:49 | Create | Villager (Male) |
| 4:49 | Create | Villager (Male) |
| 5:28 | Create | Villager (Male) |
| 5:28 | Create | Villager (Male) |
| 5:54 | Create | Villager (Male) |
| 5:54 | Create | Villager (Male) |
| 5:55 | Create | Villager (Male) |
| 5:55 | Create | Villager (Male) |
| 6:00 | Build | House |
| 6:46 | Create | Villager (Male) |
| 6:46 | Create | Villager (Male) |
| 6:47 | Create | Villager (Male) |
| 6:47 | Create | Villager (Male) |
| 7:00 | Create | Villager (Male) |
| 8:13 | Research | Feudal Age |
| 8:26 | Build | House |
| 10:23 | Age | Feudal Age |
| 10:29 | Build | Market |
| 10:31 | Build | Blacksmith |
| 10:51 | Create | Villager (Male) |
| 10:52 | Create | Villager (Male) |
| 12:10 | Build | Mining Camp |
| 12:19 | Research | Castle Age |
| 12:28 | Build | Barracks |
| 12:50 | Build | Farm |
| 12:51 | Build | Farm |
| 12:53 | Build | Farm |
| 12:54 | Build | Farm |
| 13:33 | Build | Stable |
| 14:12 | Research | Double-Bit Axe |
| 14:23 | Build | House |
| 14:58 | Age | Castle Age |
| 15:00 | Create | Knight ×3 |
| 15:05 | Build | Farm |
| 15:07 | Create | Villager (Male) ×2 |
| 15:17 | Build | Town Center |
| 15:29 | Create | Knight |
| 15:30 | Create | Knight |
| 15:39 | Build | Farm |
| 15:56 | Create | Villager (Male) |
| 16:00 | Build | Farm |
| 16:51 | Build | Farm |
| 17:13 | Create | Villager (Male) |
| 17:13 | Create | Villager (Male) |
| 17:15 | Create | Villager (Male) |
| 17:15 | Create | Villager (Male) |
| 17:35 | Create | Knight |
| 17:35 | Create | Knight |
| 17:50 | Research | Loom |
| 17:53 | Build | Farm |
| 18:51 | Create | Knight ×3 |
| 18:58 | Create | Villager (Male) |
| 18:59 | Create | Villager (Male) |
| 19:06 | Create | Villager (Male) |
| 19:06 | Create | Villager (Male) |
| 19:12 | Build | Mining Camp |
| 19:19 | Create | Villager (Male) |
| 19:23 | Create | Villager (Male) |
| 19:24 | Create | Villager (Male) |
| 19:24 | Create | Villager (Male) |
| 19:52 | Build | Farm |
| 19:55 | Build | Farm |
| 20:01 | Create | Knight |
| 20:07 | Build | House |
| 20:09 | Build | House |
| 20:10 | Build | House |
| 20:11 | Build | House |
| 20:12 | Build | House |
| 20:14 | Create | Villager (Male) |
| 20:14 | Create | Villager (Male) |
| 20:26 | Create | Villager (Male) |
| 20:26 | Create | Villager (Male) |
| 22:41 | Create | Villager (Male) |
| 22:41 | Create | Villager (Male) |
| 22:42 | Research | Wheelbarrow |
| 23:31 | Create | Villager (Male) |
| 23:32 | Create | Villager (Male) |
| 23:33 | Create | Villager (Male) |
| 24:26 | Build | Farm |
| 24:28 | Build | Farm |
| 24:29 | Create | Villager (Male) |
| 24:29 | Create | Villager (Male) |
| 24:37 | Research | Forging |
| 24:38 | Research | Scale Barding Armor |
| 24:42 | Create | Villager (Male) |
| 24:42 | Create | Villager (Male) |
| 24:56 | Build | Castle |
| 25:57 | Build | Farm |
| 25:59 | Create | Villager (Male) |
| 26:00 | Create | Villager (Male) |
| 26:17 | Create | Villager (Male) |
| 26:18 | Create | Villager (Male) |
| 26:18 | Create | Villager (Male) |
| 26:18 | Create | Villager (Male) |
| 26:19 | Create | Villager (Male) |
| 26:32 | Build | Stable |
| 26:33 | Build | Stable |
| 26:34 | Build | Stable |
| 26:35 | Build | Stable |
| 26:36 | Build | Stable |
| 26:37 | Build | Stable |
| 26:41 | Build | Farm |
| 26:43 | Create | Villager (Male) |
| 26:44 | Create | Villager (Male) |
| 26:44 | Create | Villager (Male) |
| 26:56 | Build | Farm |
| 27:01 | Research | Gold Mining |
| 27:20 | Build | Farm |
| 27:43 | Create | Villager (Male) |
| 27:46 | Build | Farm |
| 28:08 | Build | Farm |
| 28:11 | Create | Villager (Male) |
| 28:12 | Create | Villager (Male) |
| 28:39 | Create | Villager (Male) |
| 28:40 | Create | Villager (Male) |
| 28:45 | Build | Farm |
| 28:51 | Build | Farm |
| 28:52 | Build | Farm |
| 28:53 | Build | Farm |
| 28:55 | Build | Farm |
| 28:59 | Build | Farm |
| 29:00 | Create | Villager (Male) |
| 29:01 | Create | Villager (Male) |
Match timeline
| 8:28 | LRNI_UzuI · age_up feudal |
| 9:11 | Frank · wall_segment Palisade Wall x6 |
| 9:32 | zaackvader10 · wall_segment Palisade Wall x1 |
| 9:32 | zaackvader10 · wall_segment Palisade Wall x1 |
| 9:39 | Frank · wall_segment Palisade Wall x3 |
| 10:00 | Frank · wall_segment Palisade Wall x1 |
| 10:04 | Frank · wall_segment Palisade Wall x1 |
| 10:06 | Frank · age_up feudal |
| 10:21 | VARooster · age_up feudal |
| 10:23 | Cail · age_up feudal |
| 10:40 | LRNI_altoguiso · age_up feudal |
| 11:11 | Frank · wall_segment Palisade Wall x5 |
| 11:30 | Cail · first_market_sell 100 food |
| 11:41 | LRNI_robotech · age_up feudal |
| 12:02 | LRNI_altoguiso · first_market_sell 100 food |
| 12:15 | cgam05 · age_up feudal |
| 12:21 | zaackvader10 · age_up feudal |
| 12:28 | Cail · first_building Barracks |
| 13:16 | VARooster · first_building Barracks |
| 13:17 | LRNI_altoguiso · wall_segment Palisade Wall x1 |
| 13:22 | Frank · wall_segment Palisade Wall x1 |
| 13:22 | zaackvader10 · first_market_buy 100 food |
| 13:27 | Frank · wall_segment Palisade Wall x1 |
| 13:33 | Cail · first_building Stable |
| 13:39 | Frank · age_up castle |
| 13:58 | LRNI_altoguiso · first_building Barracks |
| 14:03 | Frank · wall_segment Palisade Wall x1 |
| 14:03 | VARooster · first_building Stable |
| 14:04 | Frank · wall_segment Palisade Wall x1 |
| 14:07 | Frank · wall_segment Palisade Wall x1 |
| 14:07 | Frank · wall_segment Palisade Wall x1 |
| 14:23 | VARooster · age_up castle |
| 14:27 | zaackvader10 · first_building Barracks |
| 14:43 | LRNI_altoguiso · age_up castle |
| 14:54 | LRNI_altoguiso · first_building Krepost |
| 14:58 | Cail · age_up castle |
| 15:09 | Frank · wall_segment Palisade Wall x1 |
| 15:10 | Frank · wall_segment Palisade Wall x1 |
| 15:12 | Frank · wall_segment Palisade Wall x1 |
| 15:44 | LRNI_robotech · age_up castle |
| 15:44 | Frank · wall_segment Palisade Wall x1 |
| 15:57 | cgam05 · age_up castle |
| 16:16 | LRNI_altoguiso · first_market_buy 100 stone |
| 16:18 | cgam05 · first_building Castle |
| 16:24 | LRNI_robotech · first_building Castle |
| 16:32 | LRNI_robotech · wall_segment Palisade Wall x1 |
| 16:33 | LRNI_robotech · wall_segment Palisade Wall x1 |
| 16:35 | LRNI_robotech · wall_segment Palisade Wall x1 |
| 16:37 | LRNI_robotech · wall_segment Palisade Wall x1 |
| 16:42 | LRNI_robotech · wall_segment Palisade Wall x1 |
| 16:43 | LRNI_robotech · wall_segment Palisade Wall x1 |
| 16:46 | zaackvader10 · age_up castle |
| 16:48 | LRNI_robotech · first_building Barracks |
| 16:50 | zaackvader10 · first_building Monastery |
| 16:51 | LRNI_robotech · wall_segment Palisade Wall x1 |
| 16:56 | LRNI_altoguiso · first_building Stable |
| 17:08 | LRNI_robotech · wall_segment Palisade Wall x1 |
| 17:22 | LRNI_altoguiso · wall_segment Palisade Wall x1 |
| 17:29 | LRNI_robotech · wall_segment Palisade Wall x1 |
| 17:46 | cgam05 · first_building Siege Workshop |
| 17:57 | zaackvader10 · first_market_sell 100 wood |
| 18:02 | Frank · first_market_buy 100 wood |
| 19:04 | Cail · first_market_buy 100 food |
| 19:24 | zaackvader10 · first_building Siege Workshop |
| 20:31 | VARooster · wall_segment Stone Wall x11 |
| 20:40 | Frank · wall_segment Stone Wall x1 |
| 20:55 | cgam05 · first_market_buy 100 wood |
| 20:59 | Frank · wall_segment Stone Wall x1 |
| 21:02 | zaackvader10 · first_building Archery Range |
| 21:37 | zaackvader10 · age_up imperial |
| 21:51 | LRNI_UzuI · first_market_buy 100 food |
| 22:50 | cgam05 · first_market_sell 100 wood |
| 23:17 | Frank · first_building Monastery |
| 23:28 | Frank · first_market_sell 100 wood |
| 24:29 | LRNI_robotech · first_building Siege Workshop |
| 24:31 | LRNI_UzuI · age_up castle |
| 24:41 | Frank · first_building Castle |
| 24:44 | LRNI_UzuI · first_building Castle |
| 24:56 | Cail · first_building Castle |
| 25:08 | LRNI_robotech · wall_segment Palisade Wall x1 |
| 26:26 | Frank · wall_segment Stone Wall x1 |
| 26:31 | VARooster · first_market_buy 100 wood |
| 26:50 | VARooster · wall_segment Stone Wall x7 |
| 27:45 | LRNI_UzuI · wall_segment Stone Wall x1 |
| 27:46 | LRNI_UzuI · wall_segment Stone Wall x1 |
| 27:46 | LRNI_UzuI · wall_segment Stone Wall x1 |
| 27:50 | cgam05 · first_building Barracks |
| 28:04 | Cail · tribute_sent a jugador 1 |
| 28:04 | Cail · tribute_sent a jugador 2 |
| 28:04 | Cail · tribute_sent a jugador 3 |
| 28:04 | Cail · tribute_sent a jugador 4 |
| 28:04 | Cail · tribute_sent a jugador 5 |
| 28:04 | Cail · tribute_sent a jugador 6 |
| 28:04 | Cail · tribute_sent a jugador 7 |
| 28:30 | LRNI_UzuI · first_building Siege Workshop |
| 29:03 | LRNI_robotech · first_market_buy 100 stone |
| 29:14 | LRNI_UzuI · age_up imperial |
| 29:26 | LRNI_UzuI · first_building Monastery |
| 30:08 | Frank · age_up imperial |
| 30:31 | LRNI_UzuI · first_building Barracks |
| 31:56 | LRNI_altoguiso · resign |
[ AI ANALYSIS · 1 CREDIT ]
What really happened in this match?
Wolo.gg analyzes every decision: build order, eco, micro, common mistakes by bracket. Personalized analysis on WhatsApp or Discord in 30 seconds.
Civ guide
Bulgarians
Perfil
LRNI_altoguiso